 Dungeon Crawl Stone Soup version 0.20-a0-210-gd6c29eb (webtiles) character file.

37 deepsabbath the Firebug (level 3, -1/19 HPs)
             Began as a Deep Elf Fire Elementalist on Nov 26, 2016.
             Was an Initiate of Qazlal.
             Slain by a leopard gecko (3 damage)
             ... on level 2 of the Dungeon.
             The game lasted 00:04:51 (1843 turns).

deepsabbath the Firebug (DEFE)                      Turns: 1843, Time: 00:04:52

Health: -1/19      AC:  9    Str:  8 (11) XL:     3   Next: 23%
Magic:  9/9        EV:  3    Int: 17 (19) God:    Qazlal [......]
Gold:   110        SH:  0    Dex: 13 (15) Spells: 7/8 levels left

rFire  . . .     SeeInvis .     f - +0 whip
rCold  . . .     Gourm    .     o - +0 chain mail
rNeg   . . .     Faith    .     (no shield)
rPois  .         Spirit   .     (no helmet)
rElec  .         Reflect  .     (no cloak)
rCorr  .         Harm     .     (no gloves)
MR     .....                    i - +0 pair of boots
Stlth  ..........               (no amulet)
                                (no ring)
                                (no ring)

@: mighty
A: no striking features
a: Renounce Religion


You were on level 2 of the Dungeon.
You worshipped Qazlal.
Qazlal was noncommittal.
You were not hungry.

You visited 1 branch of the dungeon, and saw 2 of its levels.

You collected 110 gold pieces.

Inventory:

Hand Weapons
 f - a +0 whip (weapon)
   (You found it on level 1 of the Dungeon)
Missiles
 k - 22 stones (quivered)
Armour
 a - a +0 robe
 i - a +0 pair of boots (worn)
   (You found it on level 2 of the Dungeon)
 n - a +0 leather armour
   (You found it on level 2 of the Dungeon)
 o - a +0 chain mail (worn)
   (You found it on level 2 of the Dungeon)
Scrolls
 d - a scroll of recharging {unknown}
 e - 2 scrolls of remove curse {unknown}
 h - a scroll of immolation {unknown}
 j - 2 scrolls of identify
 l - a scroll of magic mapping {unknown}
Potions
 g - 2 potions of cancellation
 p - a potion of flight {unknown}
Books
 b - a book of Flames
Comestibles
 c - 2 bread rations {@e1}
 m - a meat ration {@e2}


   Skills:
 * Level 1.9 Maces & Flails
 - Level 2.5 Dodging
 - Level 2.4 Stealth
 - Level 3.0 Spellcasting
 - Level 1.1 Conjurations
 - Level 3.2 Fire Magic
 + Level 0.9 Invocations


You had 7 spell levels left.
You knew the following spells:

 Your Spells              Type           Power        Failure   Level  Hunger
a - Flame Tongue          Conj/Fire      ##...        100%        1    None


Dungeon Overview and Level Annotations

Branches:
Dungeon (2/15)

Altars:
Qazlal

Annotations:
D:2 exclusion: worm


Message History

Aim: a bat You throw a stone.
The stone barely misses the bat.
The bat hits you but does no damage.
Aim: a bat You throw a stone.
The stone closely misses the bat.
The bat hits you but does no damage.
Aim: a bat You throw a stone.
The stone hits the bat.
The bat hits you but does no damage. The bat hits you.
You take 1 damage, and have 16/19 hp.
You hit the bat. The bat hits you but does no damage. x2
Your chain mail prevents you from hitting the bat.
The bat hits you but does no damage.
Aim: a bat (moderately wounded)
You throw a stone. The stone hits the bat.
The bat hits you but does no damage.
You hit the bat but do no damage. The bat hits you but does no damage. x2
You hit the bat.
You kill the bat!
Qazlal accepts your kill.
No target in view!
No target in view!
No target in view!
No target in view!
No target in view!
No target in view!
No target in view!
No target in view!
No target in view!
No target in view!
No target in view!
No target in view!
r - a coppery potion You see here a bat corpse.
You butcher the bat corpse.
s - a chunk of flesh {@w0} Eating a chunk of flesh {@w0}.
You start eating the chunk of flesh {@w0}.
k - 14 stones (gained 4)
k - 15 stones (gained 1)
k - 25 stones (gained 10)
A leopard gecko comes into view.
Health restored: 19
Aim: a leopard gecko (clinging)
You throw a stone.
The stone barely misses the leopard gecko.
Aim: a leopard gecko (clinging)
You throw a stone.
The stone closely misses the leopard gecko.
Aim: a leopard gecko (clinging)
You throw a stone.
The stone hits the leopard gecko but does no damage.
You miss the leopard gecko.
The leopard gecko bites you but does no damage.
You closely miss the leopard gecko.
The leopard gecko bites you but does no damage.
Your chain mail prevents you from hitting the leopard gecko.
The leopard gecko bites you but does no damage.
Your chain mail prevents you from hitting the leopard gecko.
The leopard gecko bites you but does no damage.
Your chain mail prevents you from hitting the leopard gecko.
The leopard gecko bites you but does no damage. x2
Your chain mail prevents you from hitting the leopard gecko.
The leopard gecko bites you.
You take 1 damage, and have 18/19 hp.
You closely miss the leopard gecko.
The leopard gecko bites you but does no damage.
You miss the leopard gecko. The leopard gecko bites you.
You take 4 damage, and have 14/19 hp.
MASSIVE DAMAGE!!
Your chain mail prevents you from hitting the leopard gecko.
The leopard gecko bites you but does no damage. x2
You closely miss the leopard gecko. The leopard gecko bites you.
You take 2 damage, and have 12/19 hp.
You completely miss the leopard gecko.
The leopard gecko bites you but does no damage.
You closely miss the leopard gecko.
The leopard gecko bites you but does no damage.
You miss the leopard gecko. The leopard gecko bites you.
You take 4 damage, and have 8/19 hp.
MASSIVE DAMAGE!!
It was a potion of degeneration.
There was something very wrong with that liquid.
You feel weakened.
You feel dopey.
You feel clumsy. The leopard gecko bites you.
* * * LOW HITPOINT WARNING * * *
The leopard gecko bites you.
* * * LOW HITPOINT WARNING * * *
You take 7 damage, and have 1/19 hp.
MASSIVE DAMAGE!!
Okay, then.
It was a potion of might.
You feel very mighty all of a sudden.
The leopard gecko bites you but does no damage.
You closely miss the leopard gecko.
The leopard gecko bites you but does no damage.
Your chain mail prevents you from hitting the leopard gecko.
The leopard gecko bites you.
You die...

..# #.........#
#.#
..####........##
##.#
.............##
#..#
#########...##
##.##
##########.##
#..#
.........).#
##.##
.^...#######
#..# ######
#########.##
......
..(...l@..#
######
###########


You could see a leopard gecko.

Vanquished Creatures
  An ooze (D:1)
  A dart slug (D:2)
  A leopard gecko (D:2)
  2 giant cockroaches
  8 goblins
  6 bats
  4 kobolds
  6 rats
29 creatures vanquished.

Notes
Turn   | Place    | Note
-------+----------+-------------------------------------------
     0 | D:1      | deepsabbath the Deep Elf Fire Elementalist began the quest for the Orb.
     0 | D:1      | Reached XP level 1. HP: 10/10 MP: 6/6
   299 | D:1      | Reached skill level 1 in Maces & Flails
   505 | D:1      | Reached XP level 2. HP: 15/15 MP: 8/8
   900 | D:2      | Found a stormy altar of Qazlal.
   925 | D:2      | Became a worshipper of Qazlal Stormbringer
  1434 | D:2      | Reached XP level 3. HP: 16/19 MP: 9/9
  1840 | D:2      | HP: 4/19 [leopard gecko (4)]
  1840 | D:2      | HP: 1/19 [leopard gecko (3)]
  1843 | D:2      | Slain by a leopard gecko

Vault maps used:
D:1:      dpeg_arrival_rooms_c
D:2:      minivault_24, grunt_qazlal_sundering, uniq_crazy_yiuf_cottage

Skill      XL: |  1 |
---------------+----+-----
Maces & Flails | 1 |  1.9
Dodging        | |  2.5
Stealth        | |  2.4
Spellcasting   | |  3.0
Conjurations   | |  1.1
Fire Magic     | |  3.2
Invocations    | |  0.9

Action                   || total
-------------------------++-------
Melee: Unarmed           ||    18
       Whip              ||   140
Throw: Stone             ||    67
  Use: Scroll            ||     1
       Potion            ||     2
 Stab: Sleeping          ||     1
  Eat: Chunk             ||     3
Armor: Robe              ||    17
       Leather armour    ||     9
       Chain mail        ||    63
Dodge: Dodged            ||    95

Vault maps used:
D:1:      dpeg_arrival_rooms_c
D:2:      minivault_24, grunt_qazlal_sundering, uniq_crazy_yiuf_cottage

Table legend:
 A = Turns spent in this place as a percentage of turns spent in the entire game.
 B = Non-inter-level travel turns spent in this place as a percentage of non-inter-level travel turns spent in the entire game.
 C = Inter-level travel turns spent in this place as a percentage of turns spent in this place.
 D = Turns resting spent in this place as a percentage of non-inter-level travel turns spent in this place.
 E = Turns spent auto-exploring this place as a percentage of non-inter-level travel turns spent in this place.
 F = Non-inter-level travel turns spent in this place divided by the number of levels of this place that you've seen.
                   A       B       C       D       E      F
               +-------+-------+-------+-------+-------+----------------------
         Total | 100.0 | 100.0 |   0.4 |   3.5 |   5.9 | 361.5
       Dungeon | 100.0 | 100.0 |   0.4 |   3.5 |   5.9 | 361.5
               +-------+-------+-------+-------+-------+----------------------

Table legend:
 A = Kills in this place as a percentage of kills in entire the game.
 B = Kills by you in this place as a percentage of kills by you in the entire game.
 C = Kills by friends in this place as a percentage of kills by friends in the entire game.
 D = Other kills in this place as a percentage of other kills in the entire game.
 E = Experience gained in this place as a percentage of experience gained in the entire game.
 F = Experience gained in this place divided by the number of levels of this place that you have seen.
                   A       B       C       D       E      F
               +-------+-------+-------+-------+-------+----------------------
         Total | 100.0 | 100.0 |  -nan |  -nan | 100.0 |  27.0
       Dungeon | 100.0 | 100.0 |  -nan |  -nan | 100.0 |  27.0
               +-------+-------+-------+-------+-------+----------------------
